 Dungeon Crawl Stone Soup version 0.30-a0-341-g682706514a (webtiles) character file.

Game seed: 11029604060981554613

1652 Pooter the Cleaver (level 8, -3/71 HPs)
             Began as a Minotaur Fighter on Nov 2, 2022.
             Slain by a gnoll sergeant
             ... wielding a +4 spear of venom
              (11 damage)
             ... on level 6 of the Dungeon.
             The game lasted 00:19:37 (4097 turns).

Pooter the Cleaver (Minotaur Fighter)               Turns: 4097, Time: 00:19:38

Health: -3/71      AC: 12    Str: 23    XL:     8   Next: 68%
Magic:  16/16      EV:  3    Int:  5    God:
Gold:   243        SH: 12    Dex: 10    Spells: 7/7 levels left

rFire   . . .      SeeInvis .    a - +0 broad axe
rCold   . . .      Faith    .    y - +0 tower shield
rNeg    . . .      Spirit   .    q - +1 plate armour
rPois   .          Reflect  .    (helmet restricted)
rElec   .          Harm     .    (no cloak)
rCorr   .          Rampage  .    (no gloves)
Will    .....                    (no boots)
Stlth   ..........               m - amulet of regeneration
HPRegen 1.11/turn                g - ring of magical power
MPRegen 0.15/turn                (no ring)

@: lethally poisoned (-3 -> -4)
A: horns 2, retaliatory headbutt
a: no special abilities


You were on level 6 of the Dungeon.
You visited 1 branch of the dungeon, and saw 6 of its levels.

You collected 243 gold pieces.

Inventory:

Hand Weapons
 a - a +0 broad axe (weapon)
   (You found it on level 4 of the Dungeon)
 b - a +0 sling
   (You found it on level 1 of the Dungeon)
 d - a +2 dire flail of draining
   (You took it off Edmund on level 4 of the Dungeon)
 u - a +0 trident
   (You took it off Robin on level 4 of the Dungeon)
Missiles
 o - 9 boomerangs (quivered)
 t - 5 poisoned darts
 Q - 53 stones
Armour
 c - a +0 buckler
 q - a +1 plate armour (worn)
   (You found it on level 2 of the Dungeon)
 y - a +0 tower shield (worn)
   (You found it on level 5 of the Dungeon)
Jewellery
 g - a ring of magical power (left hand)
   (You found it on level 1 of the Dungeon)
 m - an amulet of regeneration (around neck)
   (You found it on level 2 of the Dungeon)
Wands
 f - a wand of flame (3)
   (You found it on level 2 of the Dungeon)
 x - a wand of mindburst (4)
   (You found it on level 5 of the Dungeon)
Scrolls
 h - a scroll of amnesia
 l - a scroll of brand weapon {unknown}
 p - a scroll of poison {!r}
 r - 3 scrolls of immolation {!r}
 s - 2 scrolls of blinking {unknown}
 v - 2 scrolls of noise {unknown}
 w - 2 scrolls of fog
 z - a scroll of fear
Potions
 e - 2 potions of magic {unknown}
 j - 3 potions of heal wounds {@q2}
 k - 4 potions of curing {@q1}
 n - 2 potions of haste {unknown}


   Skills:
 + Level 6.6 Fighting
 * Level 8.3(8.5) Axes
 - Level 2.3(5.8) Maces & Flails
 * Level 6.8 Ranged Weapons
 - Level 4.0 Armour
 + Level 5.0 Shields


You had 7 spell levels left.
You didn't know any spells.
Your spell library contained the following spells:

 Spells                   Type           Power      Damage    Failure   Level
 Necrotise                Necr           0%         1d4       100%        1
 Summon Small Mammal      Summ           0%         N/A       100%        1
 Call Canine Familiar     Summ           0%         N/A       100%        3
 Summon Guardian Golem    Hex/Summ       0%         N/A       100%        3
 Vampiric Draining        Necr           0%         2d6       100%        3
 Agony                    Necr           0%         N/A       100%        5


Dungeon Overview and Level Annotations

Branches:
Dungeon (6/15)
 Temple: D:4-7

Altars:


Innate Abilities, Weirdness & Mutations

You have a pair of horns on your head.
You reflexively headbutt those who attack you in melee.


Message History

You block the gnoll's attack.
A gnoll comes into view. It is wielding a +0 club.
The gnoll completely misses you. You furiously retaliate!
You headbutt the gnoll!
You kill the gnoll!
The gnoll hits you from afar with a +0 halberd.
The gnoll sergeant hits you with a +4 spear of venom!
You block the gnoll's attack.
You slash the gnoll sergeant! You slash the gnoll!
You completely miss the gnoll. You block the gnoll sergeant's attack.
You block the gnoll's attack.
The gnoll drinks a potion.
The gnoll is healed!
You hit the gnoll sergeant but do no damage.
You hit the gnoll. You barely miss the gnoll. You slash the gnoll!
The gnoll sergeant hits you with a +4 spear of venom.
The gnoll drinks a potion.
The gnoll seems to grow stronger.
The gnoll drinks a potion.
The gnoll is healed!
The gnoll hits you with a +0 halberd. You block the gnoll sergeant's attack.
The gnoll hits you with a +0 halberd. The gnoll hits you but does no damage.
You block the gnoll's attack.
You barely miss the gnoll sergeant. You slash the gnoll!
You kill the gnoll!
You barely miss the gnoll. You hit the gnoll.
The gnoll sergeant hits you but does no damage.
You are poisoned.
The gnoll hits you but does no damage. x2
You closely miss the gnoll sergeant. You slash the gnoll!
You closely miss the gnoll.
You feel sick. You block the gnoll sergeant's attack.
The gnoll hits you with a +0 halberd.
The gnoll sergeant hits you with a +4 spear of venom.
You are more poisoned.
The gnoll hits you but does no damage. x2
You completely miss the gnoll sergeant. You slash the gnoll! x2
You kill the gnoll!
You closely miss the gnoll.
You feel very sick. You block the gnoll sergeant's attack.
The gnoll hits you with a +0 halberd!
* * * LOW HITPOINT WARNING * * *
The gnoll barely misses you.
You hit the gnoll sergeant but do no damage.
Your headbutt misses the gnoll sergeant.
You hit the gnoll. You slash the gnoll!
You feel very sick.
The gnoll sergeant hits you with a +4 spear of venom.
* * * LOW HITPOINT WARNING * * *
The gnoll hits you with a +0 halberd!
* * * LOW HITPOINT WARNING * * *
The gnoll barely misses you. You furiously retaliate!
You headbutt the gnoll!
You kill the gnoll!
The gnoll sergeant hits you with a +4 spear of venom!
You die...

#..........## ..##
####...........###...##
##.......).......#.....#
#...†............#....###
##......................#
......##.................
.)...###.....#...........
.##### #.#..#####........
># #.##.##.g@g......# .#
#.......))#....... ###
#.#....#..##......
..######...........#....#
.....#............##....#
##......###..............
# ###..###..............
#..##.............. ##
#..#..............


You could see a gnoll sergeant and a gnoll.

Vanquished Creatures
  Edmund (D:4)
  An ice beast (D:5)
  2 ogres
  3 bullfrogs
  2 necrophages
  3 scorpions
  2 jellies
  A gnoll bouda (D:5)
  3 orc priests (D:6)
  6 hounds
  2 orc wizards (D:5)
  Natasha (thrice) (D:2)
  2 iguanas
  Robin (D:4)
  7 gnolls
  10 adders
  An ufetubus (D:4)
  2 worms (D:2)
  5 dart slugs
  11 orcs
  7 ball pythons
  7 endoplasms
  A giant cockroach (D:4)
  11 goblins
  9 hobgoblins
  6 quokkas
  6 bats
  2 frilled lizards (D:3)
  2 kobolds
  6 rats
125 creatures vanquished.

Notes
Turn   | Place    | Note
-------+----------+-------------------------------------------
     0 | D:1      | Pooter the Minotaur Fighter began the quest for the Orb.
     0 | D:1      | Reached XP level 1. HP: 19/19 MP: 0/0
    96 | D:1      | Reached XP level 2. HP: 27/27 MP: 1/1
   112 | D:1      | Reached skill level 3 in Axes
   632 | D:2      | Reached XP level 3. HP: 33/33 MP: 2/2
   786 | D:2      | Noticed Natasha
   793 | D:2      | Killed Natasha
   794 | D:2      | Reached skill level 1 in Ranged Weapons
   794 | D:2      | Reached XP level 4. HP: 38/40 MP: 3/3
   870 | D:2      | Noticed Natasha
   877 | D:2      | Killed Natasha
   878 | D:2      | Reached skill level 4 in Axes
  1039 | D:2      | Noticed Natasha
  1048 | D:2      | Killed Natasha
  1049 | D:2      | Reached XP level 5. HP: 47/47 MP: 4/4
  2105 | D:4      | Noticed Robin
  2127 | D:4      | Killed Robin
  2128 | D:4      | Reached skill level 5 in Axes
  2324 | D:4      | Reached XP level 6. HP: 55/55 MP: 5/5
  2559 | D:4      | Noticed Edmund
  2564 | D:4      | Killed Edmund
  2565 | D:4      | Reached skill level 5 in Fighting
  2589 | D:4      | Identified the +2 dagger "Qeogaplommu" {antimagic, Will++
                  | Int+2}
  2904 | D:5      | Entered Level 5 of the Dungeon
  2933 | D:5      | Reached skill level 6 in Axes
  2933 | D:5      | Reached skill level 1 in Maces & Flails
  2933 | D:5      | Reached XP level 7. HP: 61/61 MP: 6/6
  3017 | D:5      | Reached skill level 5 in Ranged Weapons
  3234 | D:5      | Reached skill level 7 in Axes
  3528 | D:5      | Reached XP level 8. HP: 68/70 MP: 7/7
  3994 | D:6      | Reached skill level 8 in Axes
  4059 | D:6      | Reached skill level 5 in Shields
  4097 | D:6      | Slain by a gnoll sergeant

Illustrated notes

Levels and vault maps discovered:
D:1:      sevenhm_arrival_forest_fort_small_4, layout_rooms, minmay_surrounded
D:2:      layout_loops_cross, serial_bayou_pond_a, uniq_natasha
D:3:      layout_loops_ring
D:4:      layout_loops_corners, kennysheep_nondescript, uniq_edmund, uniq_robin
D:5:      layout_loops_cross, kennysheep_generic_room_10
D:6:      layout_cave_pools

Skill      XL: |  1  2  3  4  5  6  7  8 |
---------------+-------------------------+-----
Axes           | 3 4 5 6 7 8 |  8.3
Armour         | 4 |  4.0
Fighting       | 4 5 6 |  6.6
Shields        | 4 5 |  5.0
Ranged Weapons | 1 2 3 4 5 6 |  6.8
Maces & Flails | 1 2 |  2.3

Action                   |  1- 3 |  4- 6 |  7- 9 || total
-------------------------+-------+-------+-------++-------
Melee: War axe           |    42 |    54 |       ||    96
       Headbutt          |     7 |    12 |    15 ||    34
       Broad axe         |       |    45 |   137 ||   182
 Fire: Sling             |    18 |    58 |    19 ||    95
Throw: Stone             |       |     1 |       ||     1
       Boomerang         |       |       |     8 ||     8
Evoke: Wand              |       |       |     5 ||     5
  Use: Scroll            |     2 |     5 |     2 ||     9
       Potion            |       |     1 |       ||     1
Armor: Scale mail        |    13 |       |       ||    13
       Chain mail        |    15 |    40 |       ||    55
       Plate armour      |       |    54 |   116 ||   170
Dodge: Dodged            |    39 |    40 |    29 ||   108
Block: Buckler           |    13 |    23 |     5 ||    41
       Tower shield      |       |       |    71 ||    71

Table legend: (Time is in decaauts)
 A = Elapsed time spent in this place.
 B = Non-inter-level travel time spent in this place.
 C = Inter-level travel time spent in this place.
 D = Time resting spent in this place.
 E = Time spent auto-exploring this place.
 F = Levels seen in this place.
 G = Mean time per level.
                   A        B        C        D        E       F      G
               +--------+--------+--------+--------+--------+-----+--------+
         Total |   4267 |   4104 |    163 |     68 |   2937 |   6 |  711.2 |
       Dungeon |   4267 |   4104 |    163 |     68 |   2937 |   6 |  711.2 |
               +--------+--------+--------+--------+--------+-----+--------+

Top non-repeatable levels by time:
     D:4: 916 daAuts
     D:5: 843 daAuts
     D:3: 739 daAuts
     D:2: 725 daAuts
     D:1: 610 daAuts
     D:6: 432 daAuts
